 Dungeon Crawl Stone Soup version 0.25-a0-308-geac79542e2 (webtiles) character file.

Game seed: 8106920648253624260, levelgen mode: deterministic

7 Arthanis the Skirmisher (level 2, 0/19 HPs)
             Began as a Gargoyle Berserker on Dec 22, 2019.
             Was a Follower of Trog.
             Slain by a hobgoblin (3 damage)
             ... on level 1 of the Dungeon.
             The game lasted 00:00:21 (94 turns).

Arthanis the Skirmisher (Gargoyle Berserker)          Turns: 94, Time: 00:00:21

Health: 0/19       AC:  5    Str: 20    XL:     2   Next: 0%
Magic:  2/2        EV: 12    Int:  7    God:    Trog [*.....]
Gold:   15         SH:  0    Dex:  9    Spells: 1/1 levels left

rFire    . . .     SeeInvis .   a - +0 hand axe
rCold    . . .     Gourm    .   (no shield)
rNeg     + . .     Faith    .   b - +0 animal skin
rPois    ∞         Spirit   .   (no helmet)
rElec    +         Reflect  .   (no cloak)
rCorr    .         Harm     .   (no gloves)
MR       .....                  (no boots)
Stlth    +.........             (no amulet)
HPRegen  0.06/turn              (no ring)
MPRegen  0.08/turn              (no ring)

@: berserk cooldown, slowed, very slow
A: negative energy resistance 1, electricity resistance, unbreathing,
petrification resistance, rot immunity, AC +2
a: Berserk, Renounce Religion


You were on level 1 of the Dungeon.
You worshipped Trog.
Trog was aware of your devotion.
You were not hungry.

You visited 1 branch of the dungeon, and saw 1 of its levels.

You collected 15 gold pieces.

Inventory:

Hand Weapons
 a - a +0 hand axe (weapon)
Armour
 b - a +0 animal skin (worn)
Scrolls
 d - a scroll of magic mapping {unknown}
Comestibles
 c - a ration
 f - a chunk of flesh


   Skills:
 + Level 3.4 Fighting
 * Level 2.9 Axes
 + Level 2.3 Armour
 + Level 1.7 Dodging


You had one spell level left.
You didn't know any spells.
Your spell library was empty.

Dungeon Overview and Level Annotations

Branches:
Dungeon (1/15)

Altars:


Innate Abilities, Weirdness & Mutations

You are resistant to torment.
Your stone body is resilient. (AC +2)
You are immune to poison.
You resist negative energy. (rN+)
You are resistant to electric shocks. (rElec)
You can survive without breathing.
You are immune to petrification.
You are immune to rotting.


Message History

You butcher the dart slug corpse.
f - a chunk of flesh You feel a strong urge to attack something.
You are no longer berserk.
You are exhausted.
You feel yourself slow down.
A frilled lizard and a hobgoblin come into view.
The hobgoblin shouts!
A hobgoblin comes into view. It is wielding a +0 club.
The frilled lizard moves out of view.
The frilled lizard barely misses you.
You miss the frilled lizard. You closely miss the hobgoblin.
The frilled lizard bites you but does no damage.
The hobgoblin closely misses you. The frilled lizard barely misses you.
You slash the frilled lizard!
You kill the frilled lizard!
Trog accepts your kill.
You have reached level 2!
You hit the hobgoblin but do no damage. The hobgoblin hits you.
You die...

.##
#..........#
......#
#.....)....#
#####.#
#..........#
#..........#
##..........#
#...........#
#.#...........#
..............#
...####@.######
. #.....†g# .
.....##..# #...
#.## . ... #.#
. ## #.# #....#
#.g...#
g........


You could see a hobgoblin.

Vanquished Creatures
  A dart slug (D:1)
  2 frilled lizards (D:1)
  2 goblins (D:1)
  A kobold (D:1)
6 creatures vanquished.

Notes
Turn   | Place    | Note
-------+----------+-------------------------------------------
     0 | D:1      | Arthanis the Gargoyle Berserker began the quest for the
                  | Orb.
     0 | D:1      | Reached XP level 1. HP: 14/14 MP: 1/1
    94 | D:1      | Reached XP level 2. HP: 3/19 MP: 2/2
    94 | D:1      | Slain by a hobgoblin

Levels and vault maps discovered:
D:1:      ebering_trefoil_twist, layout_rooms

Action                   || total
-------------------------++-------
Melee: Hand axe          ||    11
Invok: Berserk           ||     1
Armor: Animal skin       ||     4
Dodge: Dodged            ||     6

Table legend:
 A = Non-vault XP
 B = Vault XP
 C = Vault XP percentage of total XP
 D = Non-vault monster count
 E = Vault monster count
 F = Vault count percentage of total count
                 A         B        C        D         E       F
            +---------+---------+-------+---------+---------+-------
      Total |      10 |       0 |   0.0 |       6 |       0 |   0.0
            +---------+---------+-------+---------+---------+-------
        D:1 |      10 |       0 |   0.0 |       6 |       0 |   0.0
            +---------+---------+-------+---------+---------+-------
